AoeStats
← smallrice6888

Runestones

507196338Analyzed
1v1 RM · 15d ago on Sep 17, 2026· 36m 14s· 2 players
Game mode
Random Map
Map size
Tiny (2 player)
Population
200
Speed
Normal
Resources
Standard
Victory
Conquest
Starting age
Dark Age
Ending age
Imperial Age
RankedLock teamsTeams togetherTeam positionsShared explorationLock speedFull tech treeHidden civsTurbo modeCheats
Victory
Defeat
🇦🇷 Lithuanians · Argentina
658
+16
🇹🇼 Franks · Taiwan
664
-16
kevin180
6:07 Loom
9:16 Feudal Age
9:53 Double-Bit Axe
19:13 Castle Age
18:20 Bloodlines
19:03 Forging
29:41 Wheelbarrow
28:51 Horse Collar
29:21 Scale Barding Armor
35:37 Imperial Age
34:14 Chain Barding Armor
34:36 Husbandry
37:17 Iron Casting
smallrice6888
0:38 Loom
13:41 Feudal Age
15:29 Wheelbarrow
18:38 Double-Bit Axe
21:19 Castle Age
22:30 Husbandry
22:23 Pikeman
28:00 Forging
35:27 Imperial Age
33:16 Hand Cart
33:18 Fletching
34:19 Squires
Connection lost

Rejoining the realm…

Still unreachable

The connection could not be restored.

Session expired

The server has moved on; the page needs a fresh start.